 Dungeon Crawl Stone Soup version 0.31-a0-240-gb923e448b6 (webtiles) character file.

Game seed: 12442623021091219983

163 Nattfarinn the Changeling (level 5, 0/32 HPs)
             Began as a Gargoyle Shapeshifter on July 12, 2023.
             Slain by a gnoll
             ... wielding a +2 flail of protection
              (9 damage)
             ... on level 3 of the Dungeon.
             The game lasted 00:01:39 (1630 turns).

Nattfarinn the Changeling (Gargoyle Shapeshifter)   Turns: 1630, Time: 00:01:39

Health: 0/32       AC:  6    Str: 20    XL:     5   Next: 44%
Magic:  5/5        EV: 11    Int:  9    God:
Gold:   81         SH:  0    Dex: 10    Spells: 4/4 levels left

rFire   . .          .
                       - Unarmed
rCold   . . .        (no shield)
rNeg    + . .        a - +0 animal skin
rPois   ∞            (helmet currently unavailable)
rElec   +            (cloak currently unavailable)
rCorr   .            (gloves currently unavailable)
SInv    .            (boots currently unavailable)
Will    .....        (no amulet)
Stlth   +            (no ring)
HPRegen 0.25/turn    (no ring)
MPRegen 0.09/turn

%: no passive effects
@: beast-form
A: beast (slay +2), sickness immunity, AC +4, negative energy resistance 1,
electricity resistance, torment resistance 1, petrification resistance
a: no special abilities


You were on level 3 of the Dungeon.
You were a hulking beast.
You visited 1 branch of the dungeon, and saw 3 of its levels.

You collected 81 gold pieces.

Inventory:

Armour
 a - a +0 animal skin (worn)
 i - a +0 pair of gloves
Talismans
 c - a beast talisman
Scrolls
 d - a scroll of fear {unknown}
 e - a scroll of enchant weapon {unknown}
 g - a scroll of torment {unknown}
 h - a scroll of blinking {unknown}
 m - a scroll of teleportation {unknown}
Potions
 b - 4 potions of lignification
 f - a potion of ambrosia {unknown}
 j - a potion of degeneration {unknown}
 k - a potion of berserk rage {unknown}
 l - a potion of enlightenment {unknown}
 n - a potion of cancellation {unknown}


   Skills:
 + Level 3.5 Fighting
 - Level 1.5 Dodging
 + Level 3.1 Unarmed Combat
 * Level 3.5 Shapeshifting


You had 4 spell levels left.
You didn't know any spells.
Your spell library contained the following spells:

 Spells                   Type           Power      Damage    Failure   Level
 Apportation              Tloc           0%         N/A       38%         1
 Alistair's Intoxication  Tmut/Pois      0%         N/A       100%        5


Dungeon Overview and Level Annotations

Branches:
Dungeon (3/15)

Altars:

Shops:
D:2 :


Innate Abilities, Weirdness & Mutations

You are a hulking beast.
Your limbs bulge with bestial killing power. (Slay +2)
You are immune to sickness and miasma.
Your stone body is resilient. (AC +4)
You are immune to poison.
You resist negative energy. (rN+)
You are resistant to electric shocks. (rElec)
You are resistant to unholy torment.
You are immune to petrification.


Message History

The jackal bites you.
The jackal bites you but does no damage.
You hit the jackal.
You kill the jackal!
The jackal barely misses you.
You punch the jackal!
You kill the jackal!
You hit the jackal but do no damage.
The jackal bites you but does no damage.
You hit the gnoll but do no damage. The jackal barely misses you.
The jackal closely misses you. The gnoll closely misses you.
You hit the gnoll but do no damage. The jackal closely misses you.
The jackal bites you.
The gnoll hits you with a +2 flail of protection.
The jackal barely misses you.
The jackal bites you but does no damage.
You hit the gnoll. You punch the gnoll.
The gnoll is moderately wounded.
The gnoll hits you with a +2 flail of protection!
The jackal misses you. The jackal barely misses you.
You hit the gnoll but do no damage.
The gnoll is moderately wounded.
The jackal closely misses you. x2
The gnoll hits you with a +2 flail of protection.
You barely miss the gnoll.
The gnoll is moderately wounded.
The jackal barely misses you. The jackal bites you.
The gnoll hits you with a +2 flail of protection!
* * * LOW HITPOINT WARNING * * *
You are too injured to fight recklessly!
You are too injured to fight recklessly!
You are too injured to fight recklessly!
You are too injured to fight recklessly!
Unknown command.
You hit the gnoll but do no damage.
The gnoll is moderately wounded.
The jackal closely misses you. The jackal barely misses you. x2
The jackal bites you but does no damage.
The gnoll hits you with a +2 flail of protection!
You die...

#........#
#....<...+
#........#
#........#
##........#
##.........#
##..........#
#...........#
#..gh†.$....#
#...hh.....###
'............#
#............+
#............#
#............#
#............#
#............#


You could see a gnoll and 2 jackals.

Vanquished Creatures
  A scorpion (D:2)
  Jessica (D:2)
  3 adders (D:2)
  2 dart slugs
  4 bats
  3 endoplasms (D:1)
  A giant cockroach (D:1)
  6 goblins
  6 hobgoblins
  5 jackals
  4 kobolds
  2 quokkas (D:1)
  3 ball pythons
  4 frilled lizards
  3 rats
48 creatures vanquished.

Notes
Turn   | Place    | Note
-------+----------+-------------------------------------------
     0 | D:1      | Nattfarinn the Gargoyle Shapeshifter began the quest for
                  | the Orb.
     0 | D:1      | Reached XP level 1. HP: 12/12 MP: 1/1
    80 | D:1      | Reached XP level 2. HP: 18/18 MP: 2/2
    90 | D:1      | Found a faded altar of an unknown god.
   467 | D:1      | Reached XP level 3. HP: 22/22 MP: 3/3
  1071 | D:2      | Reached XP level 4. HP: 25/27 MP: 4/4
  1163 | D:2      | Noticed Jessica
  1171 | D:2      | Killed Jessica
  1282 | D:2      | Noticed a scorpion
  1292 | D:2      | Killed a scorpion
  1293 | D:2      | Reached XP level 5. HP: 29/32 MP: 5/5
  1369 | D:2      | Found Piunk's Book Shop.
  1630 | D:3      | Slain by a gnoll

Illustrated notes

Levels and vault maps discovered:
D:1:      giann_wishing_wells, layout_basic,
          hellmonk_ecumenical_altar_slurped_away, minmay_misc_feat_nine_boxes
D:2:      layout_loops_ring, serial_shops, shop, uniq_jessica
D:3:      layout_basic, mainiacjoe_overflow_alcove_1, lemuel_crystal_altar,
          pf_guarded_unrand_woodcutter, uniq_robin, uniq_terence

Skill      XL: |  1  2  3  4 |
---------------+-------------+-----
Shapeshifting  | 3 |  3.5
Fighting       | 3 |  3.5
Unarmed Combat | 3 |  3.1
Dodging        | |  1.5

Action                     |  1- 3 |  4- 6 || total
---------------------------+-------+-------++-------
  Melee: Unarmed           |    81 |    53 ||   134
         Punch             |     1 |     2 ||     3
   Stab: Sleeping          |     2 |     1 ||     3
 Armour: Animal skin       |    25 |    16 ||    41
  Dodge: Dodged            |    37 |    39 ||    76

Table legend: (Time is in decaauts)
 A = Elapsed time spent in this place.
 B = Non-inter-level travel time spent in this place.
 C = Inter-level travel time spent in this place.
 D = Time resting spent in this place.
 E = Time spent auto-exploring this place.
 F = Levels seen in this place.
 G = Mean time per level.
                   A        B        C        D        E       F      G
               +--------+--------+--------+--------+--------+-----+--------+
         Total |   1622 |   1511 |    111 |      0 |   1229 |   3 |  540.7 |
       Dungeon |   1622 |   1511 |    111 |      0 |   1229 |   3 |  540.7 |
               +--------+--------+--------+--------+--------+-----+--------+

Top non-repeatable levels by time:
     D:1: 829 daAuts
     D:2: 768 daAuts
     D:3: 24 daAuts
